 Dungeon Crawl Stone Soup version 0.17-a0-1648-g0a089d4 (webtiles) character file.

534 urechis the Conjurer (level 7, 27/38 HPs)
             Began as a Gargoyle Wizard on Aug 12, 2015.
             Quit the game on level 5 of the Dungeon.
             The game lasted 00:08:44 (3799 turns).

urechis the Conjurer (Gargoyle Wizard)              Turns: 3799, Time: 00:08:44

Health: 27/38      AC:  9    Str: 11    XL:     7   Next: 25%
Magic:  11/11      EV: 11    Int: 20    God:
Gold:   191        SH:  0    Dex:  8    Spells: 5 memorised, 1 level left

rFire  . . .     SeeInvis .     h - +2 dagger (venom)
rCold  . . .     Clarity  .     p - +0 leather armour
rNeg   + . .     SustAt   .     (no shield)
rPois  ∞         Gourm    .     (no helmet)
rElec  +         Spirit   .     (no cloak)
rCorr  .         Warding  .     s - +0 pair of gloves
rMut   .         Stasis   .     (no boots)
MR     .....                    (no amulet)
Stlth  +.........               (no ring)
                                (no ring)

@: starving, not resistant to hostile enchantments, very unstealthy
A: negative energy resistance 1, electricity resistance, unbreathing,
petrification resistance, rot immunity, AC +4
a: no special abilities


You were on level 5 of the Dungeon.
You were starving.

You visited 2 branches of the dungeon, and saw 6 of its levels.

You collected 191 gold pieces.

Inventory:

Hand weapons
 h - a +2 dagger of venom (weapon)
 r - a +0 quarterstaff
Armour
 j - a cursed +0 buckler
 p - a +0 leather armour (worn)
 s - a +0 pair of gloves (worn)
Magical devices
 c - a wand of lightning (6)
Scrolls
 a - a scroll of enchant weapon
 f - 2 scrolls of recharging
 k - 2 scrolls of amnesia
 n - a scroll of fear
 o - 2 scrolls of remove curse
 t - a scroll of immolation {unknown}
 u - 2 scrolls of random uselessness {unknown}
Potions
 b - a potion of poison {unknown}
 e - a potion of agility {unknown}
 g - a potion of brilliance {unknown}
 l - a potion of curing {unknown}
 m - 2 potions of flight {unknown}
 q - a potion of cure mutation {unknown}
Comestibles
 d - 7 bread rations
 i - a beef jerky


   Skills:
 + Level 1.3 Fighting
 + Level 1.3 Armour
 - Level 1.5 Dodging
 - Level 2.1 Stealth
 - Level 4.1 Shields
 - Level 3.0 Spellcasting
 - Level 6.4 Conjurations
   Level 0.8 Summonings
 - Level 0.8 Translocations


You had one spell level left.
You knew the following spells:

 Your Spells              Type           Power        Failure   Level  Hunger
a - Magic Dart            Conj           ####         1%          1    None
b - Blink                 Tloc           N/A          21%         2    ##.....
c - Mephitic Cloud        Conj/Pois/Air  ##......     28%         3    ###....
d - Repel Missiles        Chrm/Air       #.....       30%         2    ##.....
e - Conjure Flame         Conj/Fire      ###.....     17%         3    ###....


Dungeon Overview and Level Annotations

Branches:
Dungeon (5/15)             Temple (1/1) D:4

Altars:
Cheibriados
Dithmenos
Elyvilon
Kikubaaqudgha
Makhleb
Okawaru
Qazlal
Ru
Sif Muna
Trog
Xom
Yredelemnul
Zin
The Shining One

Annotations:
D:3 urechis's ghost, average GrWz


Innate Abilities, Weirdness & Mutations

You are resistant to torment.
Your stone body is resilient (AC +4).
You are immune to poison.
You resist negative energy.
You are resistant to electric shocks.
You can survive without breathing.
You are immune to petrification.
You are immune to rotting.


Message History

The scorpion stings you but does no damage.
You hit the scorpion but do no damage.
The scorpion looks even sicker.
The scorpion is moderately wounded.
The scorpion barely misses you.
You closely miss the scorpion.
The scorpion is severely wounded.
You kill the scorpion!
Your Fighting skill increases to level 1!
Your Armour skill increases to level 1!
No target in view!
No target in view!
You now have 191 gold pieces (gained 6).
Magic restored.
Found a hunting sling.
You are starving!
You need to eat something NOW!
You need to eat something NOW!
Eat which item? (? for menu, Esc to quit)
Okay, then.
Are you sure you want to abandon this character and quit the game? (Confirm with "yes".)

#...#...............####.........
#....####..#.......# #......##
#.## #..##.......####....## .#
#........#..........## ##..
...######.......# ... ...##
###.....### ##.### #..##
#....<... #.. ##...### ##.....###
#..# ##.@....###...[.##
)...##...##......#..##
#.....####....##..# . ##....#
##..####.# .. ###.#######.#
..#... #.........###....#
#..........#.....#.
..######.########.#.......
.........# ##........#


There were no monsters in sight!

Vanquished Creatures
  A hippogriff (D:3)
  A phantom (D:5)
  2 scorpions
  A hound (D:4)
  An iguana (D:5)
  A giant frog skeleton (D:4)
  A hound zombie (D:4)
  7 adders
  An ooze (D:2)
  2 worms (D:3)
  4 giant geckos
  5 orcs
  A ball python (D:1)
  9 bats
  4 giant cockroaches
  9 goblins
  5 hobgoblins
  2 jackals (D:2)
  2 giant newts
  5 kobolds
  A quokka skeleton (D:5)
  6 rats
71 creatures vanquished.

Notes
Turn   | Place    | Note
--------------------------------------------------------------
     0 | D:1      | urechis the Gargoyle Wizard began the quest for the Orb.
     0 | D:1      | Reached XP level 1. HP: 10/10 MP: 4/4
   188 | D:1      | Reached XP level 2. HP: 3/15 MP: 0/6
   852 | D:2      | Reached XP level 3. HP: 19/19 MP: 0/7
  1040 | D:2      | Learned a level 2 spell: Blink
  1044 | D:2      | Learned a level 3 spell: Mephitic Cloud
  1147 | D:2      | Reached skill level 4 in Conjurations
  1226 | D:2      | Reached XP level 4. HP: 24/24 MP: 6/8
  1701 | D:3      | Found a deep blue altar of Sif Muna.
  1736 | D:3      | Noticed urechis's ghost (average GrWz)
  2272 | D:3      | Reached skill level 5 in Conjurations
  2275 | D:3      | Noticed a hippogriff
  2299 | D:3      | Killed a hippogriff
  2299 | D:3      | Reached skill level 6 in Conjurations
  2299 | D:3      | Reached XP level 5. HP: 8/28 MP: 1/9
  2299 | D:3      | Reached XP level 6. HP: 9/32 MP: 1/10
  2530 | D:3      | Learned a level 2 spell: Repel Missiles
  2534 | D:3      | Learned a level 3 spell: Conjure Flame
  2664 | D:4      | Reached skill level 1 in Shields
  2905 | D:4      | Found a bloodstained altar of Trog.
  2969 | D:4      | Found a staircase to the Ecumenical Temple.
  2978 | Temple   | Entered the Ecumenical Temple
  3617 | D:5      | Entered Level 5 of the Dungeon
  3677 | D:5      | Reached XP level 7. HP: 30/36 MP: 1/11
  3760 | D:5      | Reached skill level 1 in Fighting
  3760 | D:5      | Reached skill level 1 in Armour
  3799 | D:5      | Quit the game

Vault maps used:
D:1:      dpeg_arrival_rhombi
D:2:      first_bread
D:3:      lemuel_blue_sif_altar
D:4:      nicolae_overflow_crystal_walls, minmay_temple_entry_junction
D:5:      kennysheep_nub
Temple:   temple_eino_lava_12

Action                   |  1- 3 |  4- 6 |  7- 9 || total
-------------------------+-------+-------+-------++-------
Melee: Club              |     8 |       |       ||     8
       Dagger            |    20 |    67 |    16 ||   103
       Whip              |     1 |       |       ||     1
 Cast: Magic Dart        |    51 |    77 |     4 ||   132
       Mephitic Cloud    |       |     3 |       ||     3
  Use: Scroll            |       |     6 |       ||     6
 Stab: Confused          |       |     1 |       ||     1
       Sleeping          |       |     1 |       ||     1
  Eat: Chunk             |       |     7 |       ||     7
